 Dungeon Crawl Stone Soup version 0.31-a0-1165-g196b491b36 (webtiles) character file.

Game seed: 8735863755682069367

2838 croobank the Ruffian (level 9, -3/94 HPs)
             Began as an Octopode Shapeshifter on Dec 9, 2023.
             Slain by a slime creature (14 damage)
             ... on level 7 of the Dungeon.
             The game lasted 00:44:58 (6275 turns).

croobank the Ruffian (Octopode Shapeshifter)        Turns: 6275, Time: 00:44:58

Health: -3/94      AC: 24    Str: 13    XL:     9   Next: 74%
Magic:  9/9        EV:  2    Int: 16    God:
Gold:   368        SH:  0    Dex: 18    Spells: 8/8 levels left

rFire   . . .        k - +1 dagger (venom)
rCold   . . .        (no shield)
rNeg    . . .        (helmet currently unavailable)
rPois   +            (no amulet)
rElec   .            o - +6 ring of dexterity
rCorr   .            (no ring)
SInv    .            (no ring)
Will    .....        (no ring)
Stlth   ++           (no ring)
HPRegen 0.35/turn    (no ring)
MPRegen 0.11/turn    (no ring)
                     (no ring)

%: no passive effects
@: tree-form
A: stationary, stasis, torment immunity, boosted hp, almost no armour,
(amphibious), 8 rings, (camouflage 1), (gelatinous body 1), (nimble swimmer 1),
(tentacles)
a: no special abilities


You were on level 7 of the Dungeon.
You were a tree.
You visited 2 branches of the dungeon, and saw 8 of its levels.

You collected 368 gold pieces.

Inventory:

Hand Weapons
 h - a +3 dire flail of draining
 k - a +1 dagger of venom (weapon)
 l - the +0 whip of Untimely Demise {heavy, rF+ Stlth+}
   (You found it on level 4 of the Dungeon)

   rF+:       It protects you from fire.
   Stlth+:    It makes you more stealthy.
Missiles
 f - 8 boomerangs (quivered)
 u - 5 poisoned darts
Jewellery
 d - the Hermit's Pendant {Faith Invo=14 Evo=0 MP+5}
   (You took it off a gnoll on level 5 of the Dungeon)

   [amulet of faith]

   Invo=14: It sets your Invocations skill to 14.
   Evo=0: It sets your Evocations skill to 0.
   Faith:     It allows you to gain divine favour quickly.
   MP+5:      It affects your magic capacity (+5).
 o - a +6 ring of dexterity (left branch)
Talismans
 b - a beast talisman
 c - a flux talisman
Wands
 s - a wand of charming (4)
Scrolls
 g - 2 scrolls of amnesia
 m - a scroll of immolation
 p - a scroll of poison
 t - a scroll of summoning
Potions
 a - 2 potions of lignification
 e - 2 potions of brilliance
 i - 2 potions of degeneration
 n - a potion of attraction {unknown}
 q - a potion of mutation {unknown}
 r - 2 potions of ambrosia {unknown}


   Skills:
 + Level 6.6 Fighting
 + Level 6.7 Dodging
 + Level 7.2 Unarmed Combat
 + Level 6.7 Shapeshifting


You had 8 spell levels left.
You didn't know any spells.
Your spell library contained the following spells:

 Spells                   Type           Power      Damage    Failure   Level
 Apportation              Tloc           0%         N/A       26%         1
 Magic Dart               Conj           0%         1d3       26%         1
 Necrotise                Necr           0%         1d4       26%         1
 Summon Small Mammal      Summ           0%         N/A       26%         1
 Call Imp                 Summ           0%         N/A       36%         2
 Ensorcelled Hibernation  Hex/Ice        0%         N/A       36%         2
 Sublimation of Blood     Necr           0%         N/A       36%         2
 Wereblood                Tmut           0%         N/A       36%         2
 Call Canine Familiar     Summ           0%         N/A       58%         3
 Dazzling Flash           Conj/Hex       0%         N/A       58%         3
 Gell's Gravitas          Tloc           0%         N/A       58%         3
 Ignite Poison            Fire/Tmut/Pois 0%         N/A       58%         3
 Mephitic Cloud           Conj/Pois/Air  0%         N/A       58%         3
 Summon Guardian Golem    Hex/Summ       0%         N/A       58%         3
 Teleport Other           Tloc           0%         N/A       58%         3
 Anguish                  Hex/Necr       0%         N/A       94%         4
 Sticky Flame             Conj/Fire      0%         2d3       94%         4
 Agony                    Necr           0%         N/A       100%        5
 Silence                  Hex/Air        0%         N/A       100%        5
 Yara's Violent Unravell  Hex/Tmut       0%         3d3       100%        5
 Dispersal                Tloc           0%         N/A       100%        6
 Summon Hydra             Summ           0%         N/A       100%        7
 Ignition                 Fire           0%         3d3       100%        8


Dungeon Overview and Level Annotations

Branches:
Dungeon (7/15)             Temple (1/1) D:5

Altars:
Dithmenos
Elyvilon
Fedhas
Hepliaklqana
Makhleb
Okawaru
Qazlal
Ru
Sif Muna
Trog
Uskayaw
Vehumet
Wu Jian
Xom
Zin
The Shining One


Innate Abilities, Weirdness & Mutations

You are a tree.
Your roots penetrate the ground, keeping you stationary.
You cannot be teleported.
You are immune to unholy pain and torment.
Your maximum health is greatly increased.
You cannot wear most types of armour.
((You are amphibious.))
You can wear up to eight rings at the same time.
((Your skin changes colour to match your surroundings (Stealth+).))
((Your rubbery body absorbs attacks. (AC +1, EV +1)))
((You are camouflaged when in or above water. (Stealth+)))
((You have tentacles for arms and can constrict up to eight enemies at once.))


Message History

Aiming: Charm
Press: ? - help, Shift-Dir - straight line, f - slime creature
Aim: a slime creature (chance to affect: 31%)
The slime creature easily resists.
Your transformation has ended.
You turn into a tree.
Your roots penetrate the ground.
The slime creature hits you but does no damage.
You hit the slime creature.
The slime creature is poisoned.
The slime creature is lightly wounded.
The slime creature hits you.
* * * LOW HITPOINT WARNING * * *
You barely miss the slime creature.
The slime creature is lightly wounded.
The slime creature hits you.
* * * LOW HITPOINT WARNING * * *
You hit the slime creature.
The slime creature is lightly wounded.
The slime creature barely misses you.
You hit the slime creature.
The slime creature is lightly wounded.
The slime creature hits you.
* * * LOW HITPOINT WARNING * * *
You hit the slime creature.
The slime creature is lightly wounded.
The slime creature barely misses you.
You hit the slime creature.
The slime creature is lightly wounded.
The slime creature completely misses you.
You hit the slime creature.
The slime creature is lightly wounded.
The slime creature hits you but does no damage.
You hit the slime creature.
The slime creature looks as sick as possible!
You punch the slime creature, but do no damage.
The slime creature is moderately wounded.
The slime creature hits you but does no damage.
You barely miss the slime creature.
The slime creature is moderately wounded.
The slime creature hits you!
You die...

... #. ###
....#+##########
..#
.................
..#
.................
..#
.................
..#
................
..#+##
................
......
#######.....#######
......
#.♣...#.....#
...... .
#..J..#.....#
...[.. ...
#...........#
......
....#####.......#
#+#####
..........#######
......# ..........#
......# ..J.......#
......# ..........#
......# ..$J......#


You could see a slime creature (extremely poisoned).

Vanquished Creatures
  Sigmund (D:2)
  3 slime creatures (D:7)
  Eustachio (D:6)
  Edmund (D:5)
  An orc warrior (D:7)
  A sky beast (D:4)
  2 black bears
  2 ice beasts (D:5)
  2 ogres
  A phantom (D:7)
  A scorpion (D:5)
  2 gnoll sergeants
  A wight (D:7)
  4 hounds
  A gnoll bouda (D:5)
  A jelly (D:7)
  An orc priest (D:5)
  6 iguanas
  Natasha (thrice) (D:2)
  5 orc wizards
  11 gnolls
  12 adders
  6 ufetubi (D:6)
  2 worms
  11 orcs
  6 bats
  10 endoplasms
  5 giant cockroaches
  7 goblins
  7 hobgoblins
  2 jackals (D:2)
  9 kobolds
  4 quokkas
  12 ball pythons
  4 frilled lizards
  5 rats
153 creatures vanquished.

Notes
Turn   | Place    | Note
-------+----------+-------------------------------------------
     0 | D:1      | croobank the Octopode Shapeshifter began the quest for the
                  | Orb.
     0 | D:1      | Reached XP level 1. HP: 13/13 MP: 1/1
    53 | D:1      | Reached XP level 2. HP: 10/18 MP: 2/2
   386 | D:1      | Reached XP level 3. HP: 18/23 MP: 3/3
   812 | D:2      | Noticed Sigmund
   821 | D:2      | Killed Sigmund
   822 | D:2      | Reached skill level 4 in Unarmed Combat
   822 | D:2      | Reached XP level 4. HP: 15/30 MP: 4/4
   822 | D:2      | Reached XP level 5. HP: 18/36 MP: 5/5
  1055 | D:2      | Reached XP level 6. HP: 41/41 MP: 6/6
  1086 | D:2      | Noticed Natasha
  1199 | D:2      | Killed Natasha
  1206 | D:2      | Noticed Natasha
  1215 | D:2      | Killed Natasha
  1395 | D:2      | Noticed Natasha
  1451 | D:2      | Got the Opusculum on Bewitchment
  1467 | D:2      | Killed Natasha
  1710 | D:3      | Upgraded the game from 0.31-a0-1074-g0b22e4e0f1 to
                  | 0.31-a0-1163-gcee99d1eea
  1962 | D:3      | Found a faded altar of an unknown god.
  2379 | D:4      | Identified the +0 whip of Untimely Demise {heavy, rF+
                  | Stlth+}
  2415 | D:4      | Reached XP level 7. HP: 9/46 MP: 7/7
  2862 | D:4      | Reached skill level 5 in Unarmed Combat
  3248 | D:5      | Entered Level 5 of the Dungeon
  3329 | D:5      | Reached skill level 5 in Shapeshifting
  3329 | D:5      | Reached XP level 8. HP: 47/54 MP: 8/8
  3386 | D:5      | Noticed Edmund
  3424 | D:5      | Killed Edmund
  3434 | D:5      | Reached skill level 5 in Dodging
  3905 | D:5      | Reached skill level 5 in Fighting
  4005 | D:5      | Found a white marble altar of Elyvilon.
  4139 | D:5      | Reached skill level 6 in Unarmed Combat
  4139 | D:5      | Found a staircase to the Ecumenical Temple.
  4147 | Temple   | Entered the Ecumenical Temple
  4148 | Temple   | Upgraded the game from 0.31-a0-1163-gcee99d1eea to
                  | 0.31-a0-1165-g196b491b36
  4497 | D:5      | Found a radiant altar of Vehumet.
  4784 | D:6      | Found a shimmering altar of Xom.
  4831 | D:6      | Found an ornate altar of the Wu Jian Council.
  4870 | D:6      | Found a stormy altar of Qazlal.
  4921 | D:6      | Reached XP level 9. HP: 61/61 MP: 9/9
  5184 | D:6      | Found a hazy altar of Hepliaklqana.
  5188 | D:6      | Noticed Eustachio
  5362 | D:6      | Killed Eustachio
  5976 | D:7      | HP: 3/60 [slime creature (4)]
  5979 | D:7      | Reached skill level 7 in Unarmed Combat
  6275 | D:7      | Slain by a slime creature

Illustrated notes

Levels and vault maps discovered:
D:1:      roadster_arrival_rocket_small, layout_loops_ring, minmay_hexomino_p4
D:2:      layout_basic, dreamdust_princess_corridor, uniq_sigmund, uniq_natasha
D:3:      layout_rooms, shapermc_ecumenical_altar_ellora, serial_bayou,
          serial_bayou_lagoon_b, serial_bayou_crossing, serial_bayou_lagoon_a,
          serial_bayou_pond_d, serial_bayou_shore_a, serial_bayou_ford_a
D:4:      layout_cave_pools, minmay_three_crescents
D:5:      layout_cave_pods, mainiacjoe_overflow_brackets,
          nicolae_overflow_hidden_temple, temple_statues, serial_column_ruins,
          column_ruins_hut, column_ruins_square_medium,
          column_ruins_corridor_straight, column_ruins_open_tiny,
          column_ruins_corridor_straight, column_ruins_open_small,
          column_ruins_columns_straight, uniq_edmund
D:6:      layout_basic, nicolae_hepliaklqana_hazy_memory,
          mainiacjoe_overflow_catch_the_wave, amcnicky_altar_gilded,
          uniq_eustachio
D:7:      layout_gridville, mainiacjoe_overflow_small_starburst
Temple:   zaba_magenta_temple

Skill      XL: |  1  2  3  4  5  6  7  8  9 |
---------------+----------------------------+-----
Fighting       | 2 3 4 5 6 |  6.6
Dodging        | 3 4 5 6 |  6.7
Unarmed Combat | 4 5 6 7 |  7.2
Shapeshifting  | 4 5 6 |  6.7

Action                     |  1- 3 |  4- 6 |  7- 9 || total
---------------------------+-------+-------+-------++-------
  Melee: Unarmed           |    64 |    78 |       ||   142
         Constrict         |    15 |    19 |    47 ||    81
         Tentacles         |     8 |    11 |    68 ||    87
         Punch             |     1 |     3 |    14 ||    18
         Dagger            |       |    15 |   216 ||   231
  Throw: Throwing net      |       |     1 |     2 ||     3
         Dart              |       |       |    22 ||    22
         Boomerang         |       |       |    60 ||    60
  Evoke: Wand              |       |       |     1 ||     1
    Use: Scroll            |       |     9 |     7 ||    16
         Potion            |       |       |     6 ||     6
   Stab: Sleeping          |     6 |     9 |     7 ||    22
         Held in net/web   |       |       |     3 ||     3
         Distracted        |       |       |     1 ||     1
 Armour: Skin              |    18 |    31 |   107 ||   156
  Dodge: Dodged            |    42 |    59 |   124 ||   225

Table legend: (Time is in decaauts)
 A = Elapsed time spent in this place.
 B = Non-inter-level travel time spent in this place.
 C = Inter-level travel time spent in this place.
 D = Time resting spent in this place.
 E = Time spent auto-exploring this place.
 F = Levels seen in this place.
 G = Mean time per level.
                   A        B        C        D        E       F      G
               +--------+--------+--------+--------+--------+-----+--------+
         Total |   6288 |   6129 |    159 |   1479 |   3417 |   8 |  786.0 |
       Dungeon |   6286 |   6128 |    158 |   1479 |   3417 |   7 |  898.0 |
        Temple |      1 |      0 |      1 |      0 |      0 |   1 |    1.0 |
               +--------+--------+--------+--------+--------+-----+--------+

Top non-repeatable levels by time:
     D:5: 1525 daAuts
     D:4: 839 daAuts
     D:3: 829 daAuts
     D:1: 808 daAuts
     D:6: 769 daAuts
     D:2: 759 daAuts
     D:7: 754 daAuts
  Temple: 1 daAuts
